 Dungeon Crawl Stone Soup version 0.21.0-3-g78d12a8 (webtiles) character file.

50 Firecrotchwizard the Poker (level 3, 0/28 HPs)
             Began as a Merfolk Gladiator on Jan 15, 2018.
             Succumbed to an adder's poison
             ... on level 2 of the Dungeon.
             The game lasted 00:01:35 (1091 turns).

Firecrotchwizard the Poker (Merfolk Gladiator)      Turns: 1091, Time: 00:01:35

Health: 0/28       AC:  4    Str: 14    XL:     3   Next: 79%
Magic:  3/3        EV: 14    Int:  7    God:
Gold:   45         SH:  0    Dex: 16    Spells: 2/2 levels left

rFire    . . .     SeeInvis .   a - +0 trident
rCold    . . .     Gourm    .   (no shield)
rNeg     . . .     Faith    .   b - +0 leather armour
rPois    .         Spirit   .   c - +0 helmet
rElec    .         Reflect  .   (no cloak)
rCorr    .         Harm     .   (no gloves)
MR       .....                  (no boots)
Stlth    +.........             (no amulet)
HPRegen  0.09/turn              (no ring)
MPRegen  0.08/turn              (no ring)

@: lethally poisoned (0 -> -4)
A: change form in water, swift swim, stealthy swim
a: no special abilities


You were on level 2 of the Dungeon.
You were hungry.

You visited 1 branch of the dungeon, and saw 2 of its levels.

You collected 45 gold pieces.

Inventory:

Hand Weapons
 a - a +0 trident (weapon)
Missiles
 d - 3 throwing nets {=f, !d}
Armour
 b - a +0 leather armour (worn)
 c - a +0 helmet (worn)
Scrolls
 e - a scroll of blinking {unknown}
 h - 3 scrolls of magic mapping {unknown}
 i - a scroll of teleportation {unknown}
Comestibles
 f - 2 rations {@e1}


   Skills:
 + Level 2.7 Fighting
 * Level 5.5 Polearms
 - Level 2.0 Throwing
 + Level 0.8 Armour
 + Level 4.4 Dodging


You had 2 spell levels left.
You didn't know any spells.

Dungeon Overview and Level Annotations

Branches:
Dungeon (2/15)

Altars:


Message History

You puncture the kobold!
You kill the kobold!
No target in view!
No target in view!
You see here a kobold corpse.
You now have 33 gold pieces (gained 10).
You now have 45 gold pieces (gained 12).
You see here a stone.
You see here a leather armour.
Done exploring.
Done exploring.
(D) Dungeon
Where to? (? - help)
There is an escape hatch in the floor here.
You are feeling hungry.
You may need something to eat soon, looking for food.
Can't find anything matching that.
Sorry, you're not good enough to have a special ability.
(D) Dungeon
Where to? (Enter - D:2, ? - help)
There is a stone staircase leading down here.
You climb downwards.
A hobgoblin comes into view. It is wielding a club.
There is a stone staircase leading up here.
A hobgoblin is nearby!
The hobgoblin shouts!
An adder comes into view.
The adder hisses angrily.
You closely miss the hobgoblin. The hobgoblin misses you.
You puncture the hobgoblin!
You kill the hobgoblin!
You puncture the adder! The adder bites you. The adder barely misses you.
You take 2 damage, and have 26/28 hp.
You hit the adder but do no damage. The adder closely misses you.
You barely miss the adder. The adder misses you.
You miss the adder. The adder barely misses you. The adder closely misses you.
You hit the adder.
You kill the adder!
No target in view!
You may need something to eat soon, looking for food.
Can't find anything matching that.
Sorry, you're not good enough to have a special ability.
A kobold comes into view.
A kobold is nearby!
An adder comes into view.
The adder hisses angrily.
You closely miss the adder. The adder bites you.
You are poisoned.
The adder poisons you! The adder bites you but does no damage.
You take 1 damage, and have 26/28 hp.
You miss the adder.
You feel sick. The kobold hits you but does no damage. The adder bites you.
You take 2 damage, and have 24/28 hp.
You barely miss the adder. The adder misses you.
The kobold completely misses you.
You miss the adder. The adder misses you. The kobold closely misses you.
You closely miss the adder.
You feel sick. The adder bites you. The kobold closely misses you.
The adder bites you but does no damage.
You take 2 damage, and have 22/28 hp.
You puncture the kobold!
You kill the kobold!
The adder closely misses you.
You closely miss the adder. The adder bites you. The adder barely misses you.
You take 5 damage, and have 18/28 hp.
You barely miss the adder.
You feel sick. The adder bites you.
You take 5 damage, and have 13/28 hp.
You hit the adder but do no damage. The adder barely misses you.
You hit the adder. The adder closely misses you.
The adder bites you but does no damage.
You miss the adder. The adder bites you.
You take 4 damage, and have 9/28 hp.
You completely miss the adder.
You feel sick. The adder closely misses you.
You take 1 damage, and have 8/28 hp.
You hit the adder. The adder bites you.
* * * LOW HITPOINT WARNING * * *
The adder bites you.
* * * LOW HITPOINT WARNING * * *
You take 3 damage, and have 5/28 hp.
You hit the adder but do no damage. The adder bites you but does no damage.
You hit the adder but do no damage. The adder bites you but does no damage.
You miss the adder.
You feel sick.
You are no longer poisoned.
The adder bites you.
* * * LOW HITPOINT WARNING * * *
You are lethally poisoned!
The adder poisons you! The adder closely misses you.
You take 3 damage, and have 2/28 hp.
You miss the adder.
* * * LOW HITPOINT WARNING * * *
You feel sick. The adder closely misses you.
Your leather armour prevents you from hitting the adder.
The adder bites you but does no damage.
You hit the adder.
You kill the adder!
* * * LOW HITPOINT WARNING * * *
You feel sick.
You take 1 damage, and have 1/28 hp.
You aren't carrying any potions.
Unknown command.
You die...

########
##......#
#....!..#
#.......#
#.......#
#.....[.# #
#....@.#.#
##.......#
####.####.#
#########..†...#
(.........######
..........<#
..........##
..........#
......)...#


There were no monsters in sight!

Vanquished Creatures
  2 adders (D:2)
  6 bats (D:1)
  A giant cockroach (D:1)
  A goblin (D:1)
  8 hobgoblins
  6 kobolds
  4 frilled lizards (D:1)
  4 rats (D:1)
32 creatures vanquished.

Notes
Turn   | Place    | Note
-------+----------+-------------------------------------------
     0 | D:1      | Firecrotchwizard the Merfolk Gladiator began the quest for the Orb.
     0 | D:1      | Reached XP level 1. HP: 16/16 MP: 1/1
   169 | D:1      | Reached XP level 2. HP: 22/23 MP: 2/2
   399 | D:1      | Reached skill level 5 in Polearms
   448 | D:1      | Reached XP level 3. HP: 24/28 MP: 3/3
  1082 | D:2      | HP: 7/28 [adder (1)]
  1085 | D:2      | HP: 2/28 [adder (2)]
  1091 | D:2      | Succumbed to an adder's poison

Skill      XL: |  1  2 |
---------------+-------+-----
Polearms       | 5 |  5.5
Fighting       | |  2.7
Throwing       | |  2.0
Armour         | |  0.8
Dodging        | |  4.4

Action                   || total
-------------------------++-------
Melee: Trident           ||   121
 Stab: Sleeping          ||     1
Armor: Leather armour    ||    31
Dodge: Dodged            ||    85

Vault maps used:
D:1:      mrwooster_arrival_statue_3, grunt_decor_resistance

Table legend:
 A = Turns spent in this place as a percentage of turns spent in the entire game.
 B = Non-inter-level travel turns spent in this place as a percentage of non-inter-level travel turns spent in the entire game.
 C = Inter-level travel turns spent in this place as a percentage of turns spent in this place.
 D = Turns resting spent in this place as a percentage of non-inter-level travel turns spent in this place.
 E = Turns spent auto-exploring this place as a percentage of non-inter-level travel turns spent in this place.
 F = Non-inter-level travel turns spent in this place divided by the number of levels of this place that you've seen.
                   A       B       C       D       E      F
               +-------+-------+-------+-------+-------+----------------------
         Total | 100.0 | 100.0 |   3.9 |  22.1 |  57.8 | 524.0
       Dungeon | 100.0 | 100.0 |   3.9 |  22.1 |  57.8 | 524.0
               +-------+-------+-------+-------+-------+----------------------

Table legend:
 A = Kills in this place as a percentage of kills in entire the game.
 B = Kills by you in this place as a percentage of kills by you in the entire game.
 C = Kills by friends in this place as a percentage of kills by friends in the entire game.
 D = Other kills in this place as a percentage of other kills in the entire game.
 E = Experience gained in this place as a percentage of experience gained in the entire game.
 F = Experience gained in this place divided by the number of levels of this place that you have seen.
                   A       B       C       D       E      F
               +-------+-------+-------+-------+-------+----------------------
         Total | 100.0 | 100.0 |   N/A |   N/A | 100.0 |  36.0
       Dungeon | 100.0 | 100.0 |   N/A |   N/A | 100.0 |  36.0
               +-------+-------+-------+-------+-------+----------------------
